Cogmind - Beta 13 @@@ ROGUE MODE // 2024.05.18 @ 22:06:19 Player: FauxMaasks Result: Core destroyed Performance ------------- Evolutions (2) 1000 Regions Visited (5) 1000 Robots Destroyed (28) 140 Value Destroyed (793) 793 Prototype IDs (0) 0 Alien Tech Used (0) 0 Bonus (35) 35 TOTAL SCORE: 2968 Bonus ------- Follower Combat Kills 35 Cogmind --------- Core Integrity 0/550 Matter 140/300 Energy 265/265 System Corruption 10% Temperature Critical (533) Movement Walking (330) Ox3 Location -8/Materials Parts ------- > --- POWER (1) -------- Reinforced Ion Engine > --- PROPULSION (3) --- Aluminum Leg Aluminum Leg > --- UTILITY (5) ------ Large Storage Unit > --- WEAPON (2) ------- Particle Gun Light Assault Rifle > --- INVENTORY (15) --- Light Nuclear Core Aluminum Leg Aluminum Leg EM Pulse Gun Beam Rifle Beam Rifle Light Assault Rifle Bore Cannon Rocket Launcher Hammer Peak State ------------ > --- POWER ------------ Reinforced Ion Engine > --- PROPULSION ------- Aluminum Leg Aluminum Leg Aluminum Leg > --- UTILITY ---------- Large Storage Unit Light Armor Plating > --- WEAPON ----------- Beam Rifle Assault Rifle > --- INVENTORY -------- Light Nuclear Core Aluminum Leg EM Pulse Gun Beam Rifle Beam Rifle Particle Gun Assault Rifle Light Assault Rifle Light Assault Rifle Bore Cannon Rocket Launcher Hammer [Rating: 12] Favorites ----------- Power Light Ion Engine Engine Light Ion Engine Propulsion Aluminum Leg Leg Aluminum Leg Wheel Wheel Utility Large Storage Unit Device Sensor Array Storage Large Storage Unit Protection Light Armor Plating Weapon Assault Rifle Energy Gun EM Pulse Gun Ballistic Gun Assault Rifle Launcher Rocket Launcher Impact Weapon Hammer Build | -11 -10 -10 -10 -9 -8 ------- Run | Yrd Mat Min Exi Min Mat Slots Evolved 4 | . . . . . 4 Power . | . . . . . . Propulsion 1 | . . . . . 1 Utility 3 | . . . . . 3 Weapon . | . . . . . . Parts Attached 32 | 5 4 7 . . 16 Power 2 | 1 . . . . 1 Engine 2 | 1 . . . . 1 Core . | . . . . . . Reactor . | . . . . . . Propulsion 13 | 2 . 3 . . 8 Treads . | . . . . . . Leg 10 | . . 2 . . 8 Wheel 3 | 2 . 1 . . . Hover . | . . . . . . Flight . | . . . . . . Utility 5 | 1 2 1 . . 1 Device 2 | . 1 1 . . . Storage 2 | 1 1 . . . . Processor . | . . . . . . Hackware . | . . . . . . Protection 1 | . . . . . 1 Artifact . | . . . . . . Weapon 12 | 1 2 3 . . 6 Energy Gun 4 | 1 . 1 . . 2 Energy Cannon . | . . . . . . Ballistic Gun 6 | . 2 1 . . 3 Ballistic Cannon . | . . . . . . Launcher 1 | . . 1 . . . Special Weapon . | . . . . . . Impact Weapon 1 | . . . . . 1 Slashing Weapon . | . . . . . . Piercing Weapon . | . . . . . . Special Melee Weapon . | . . . . . . Unidentified Prototypes . | . . . . . . Corrupted Parts 1 | . . . . . 1 System Corruption 3 | . . . . . 3 Parts Lost 19 | . . 4 . . 15 Power 1 | . . . . . 1 Propulsion 11 | . . 3 . . 8 Utility 3 | . . 1 . . 2 Weapon 4 | . . . . . 4 Highest Loss Streak 6 | . . 3 . . 6 To Critical Strikes 1 | . . . . . 1 Average Slot Usage (%) 88 | . 95 92 100 100 62 Engine 12 | . 14 14 14 14 8 Leg 16 | . . 13 28 28 21 Wheel 8 | . 28 10 . . . Device 10 | . 12 11 14 14 1 Storage 12 | . 14 14 14 14 9 Protection 1 | . . . . . 4 Energy Gun 9 | . 7 5 14 14 8 Ballistic Gun 15 | . 17 22 14 14 8 Naked Turns . | . . . . . . Heaviest Build 38 | 10 28 28 28 28 38 Greatest Support 30 | 20 20 26 20 20 30 Greatest Overweight (x) 8 | . 1 8 1 1 3 Average Overweight (x) . | . . 1 1 1 1 Largest Inventory Capacity 15 | 8 15 15 15 15 15 Average Capacity 13 | 6 9 15 15 15 15 Most Carried 15 | 2 11 15 12 12 15 Average Carried 10 | 1 6 12 12 12 12 Final Capacity 15 | 8 15 15 15 15 15 Final Carried 12 | 2 11 12 12 12 10 Class Distribution -------------------- 82% | Mutant 17% | Scavenger-Mutant Dominant Class ---------------- Mutant | -10/Materials Mutant | -10/Mines Mutant | -10/Exiles Mutant | -9/Mines Scavenger-Mutant | -8/Materials Resources | -11 -10 -10 -10 -9 -8 ----------- Run | Yrd Mat Min Exi Min Mat Matter Collected 778 | 158 188 254 . . 178 Remotely . | . . . . . . Salvage Created 1116 | . 242 366 . . 508 Parts 57 | . 18 15 . . 24 Haulers Intercepted . | . . . . . . Recyclers Shooed 3 | . . 3 . . . Parts Field Recycled . | . . . . . . Retrieved Matter . | . . . . . . Parts Self-Destructed . | . . . . . . Prevented . | . . . . . . Kills | -11 -10 -10 -10 -9 -8 ------- Run | Yrd Mat Min Exi Min Mat Combat Hostiles Destroyed 25 | . 10 5 . . 10 Guns 22 | . 10 2 . . 10 AOE 3 | . . 3 . . . Classes Destroyed 6 | . 2 1 . . 3 Recycler 3 | . . 3 . . . Swarmer 9 | . 6 3 . . . Grunt 13 | . 4 2 . . 7 Brawler 1 | . . . . . 1 Sentry 1 | . . . . . 1 Hunter 1 | . . . . . 1 Best Kill Streak 6 | . 3 6 . . 2 Combat Bots Only 3 | . 3 3 . . 2 Max Kills in Single Turn 2 | . 1 2 . . 1 Gunslinging . | . . . . . . Exploded 2 | . . 2 . . . Melee . | . . . . . . Uniques/NPCs Destroyed . | . . . . . . Combat | -11 -10 -10 -10 -9 -8 -------- Run | Yrd Mat Min Exi Min Mat Hostile Shots Fired 193 | . 34 23 . . 136 Missed 42 | . 12 4 . . 26 Damage Taken 2370 | . 189 228 . . 1953 Core 682 | . 63 40 . . 579 Absorbed by Shields . | . . . . . . Core Remaining (%) 79 | 100 . . . 58 . Volleys Fired 122 | . 27 24 . . 71 Largest 2 | . 2 2 . . 2 Hottest 85 | . 60 53 . . 85 Shots Fired 229 | . 51 48 . . 130 Gun 227 | . 51 46 . . 130 Cannon . | . . . . . . Launcher 2 | . . 2 . . . Special . | . . . . . . Kinetic 150 | . 39 46 . . 65 Thermal 50 | . . . . . 50 Explosive 2 | . . 2 . . . Electromagnetic 27 | . 12 . . . 15 Robot Hit Streak 15 | . 8 9 . . 15 Robot Miss Streak 5 | . 2 3 . . 5 Penetration Max . | . . . . . . Secondary Targets . | . . . . . . Shots Hit Robots 152 | . 35 31 . . 86 Core Hits 57 | . 12 13 . . 32 Critical Kills . | . . . . . . Critical Parts Destroyed . | . . . . . . Critical Strikes 1 | . . . . . 1 Burn 1 | . . . . . 1 Melee Attacks 3 | . . . . . 3 Impact 3 | . . . . . 3 Slashing . | . . . . . . Piercing . | . . . . . . Sneak Attacks . | . . . . . . Combat Hostiles . | . . . . . . Follow-up Attacks . | . . . . . . Damage Inflicted 2272 | . 466 537 . . 1269 Guns 2026 | . 464 363 . . 1199 Cannons . | . . . . . . Explosions 210 | . . 174 . . 36 Melee 34 | . . . . . 34 Ramming 2 | . 2 . . . . Kinetic 1217 | . 334 363 . . 520 Thermal 589 | . . . . . 589 Explosive 174 | . . 174 . . . Electromagnetic 256 | . 130 . . . 126 Impact 34 | . . . . . 34 Slashing . | . . . . . . Piercing . | . . . . . . Highest Corruption 10 | . . . . . 10 Average Corruption 9 | . . . . . 9 Corruption Purged . | . . . . . . Corruption Blocked . | . . . . . . Effects 19 | . . . . . 19 Message Errors 4 | . . . . . 4 Matter Fused 7 | . . . . . 7 Heat Flow Errors 1 | . . . . . 1 Energy Discharges 1 | . . . . . 1 Data Loss (minor) 2 | . . . . . 2 Misfires 2 | . . . . . 2 Weapon Failures 2 | . . . . . 2 Overload Shots . | . . . . . . Overflow Damage 19 | . . 15 . . 4 Projectiles . | . . . . . . Explosions 19 | . . 15 . . 4 Melee . | . . . . . . Knockbacks . | . . . . . . Impact . | . . . . . . Kinetic . | . . . . . . Secondary . | . . . . . . Self-Inflicted Damage 75 | . 1 32 . . 42 Shots 2 | . . 1 . . 1 Rammed 1 | . 1 . . . . Targets Rammed 1 | . 1 . . . . Kicked . | . . . . . . Crushed . | . . . . . . Highest Temperature 533 | . 18 2 . . 533 Average Temperature 153 | . 12 2 . . 173 Received Heat Transfer 1077 | . 48 75 . . 954 Effects 10 | . . . . . 10 Shutdowns 4 | . . . . . 4 Energy Bleed 1 | . . . . . 1 Interference 1 | . . . . . 1 Short Circuit 1 | . . . . . 1 Damage (minor) 1 | . . . . . 1 Damage (core) 2 | . . . . . 2 Siege Activations . | . . . . . . Robots Corrupted . | . . . . . . Combat Hostiles . | . . . . . . Parts Fried . | . . . . . . Impact Corruptions . | . . . . . . Robots Melted . | . . . . . . Combat Hostiles . | . . . . . . Parts Melted 2 | . . . . . 2 Heat Transferred 1493 | . . . . . 1493 Parts Sabotaged . | . . . . . . Parts Stolen . | . . . . . . Parts Stripped . | . . . . . . Power Chain Reactions 1 | . . . . . 1 Alert | -11 -10 -10 -10 -9 -8 ------- Run | Yrd Mat Min Exi Min Mat Peak Influence 241 | . 169 132 . . 241 Initial 27 | . . 27 . . . Average 84 | . 65 79 . . 133 Maximum Alert Level 1 | . . . . . 1 Low Security (%) 89 | 100 100 100 . 100 66 Level 1 10 | . . . . . 33 Level 2 . | . . . . . . Level 3 . | . . . . . . Level 4 . | . . . . . . Level 5 . | . . . . . . High Security . | . . . . . . Max Security . | . . . . . . Squads Dispatched 8 | . 5 . . . 3 Investigation 3 | . 2 . . . 1 Extermination . | . . . . . . Reinforcement 4 | . 3 . . . 1 Assault . | . . . . . . Garrison 1 | . . . . . 1 Intercept . | . . . . . . Searches Triggered . | . . . . . . Construction Impeded . | . . . . . . Haulers Reinforced . | . . . . . . Active Scanning Responses . | . . . . . . Cargo Convoy Interrupts . | . . . . . . Stealth | -11 -10 -10 -10 -9 -8 --------- Run | Yrd Mat Min Exi Min Mat Distress Signals 5 | . 1 . . . 4 Communications Jammed . | . . . . . . Distress Signals . | . . . . . . Times Spotted 46 | . 17 5 . . 24 Peak Tracking Total 7 | . 4 3 . . 7 Tactical Retreats 8 | . 1 . . . 7 Traps | -11 -10 -10 -10 -9 -8 ------- Run | Yrd Mat Min Exi Min Mat Traps Triggered . | . . . . . . Indirectly . | . . . . . . Trap Hack Attempts . | . . . . . . Triggered . | . . . . . . Disarmed . | . . . . . . Reprogrammed . | . . . . . . Reused . | . . . . . . Traps Extracted . | . . . . . . Installed . | . . . . . . Triggered . | . . . . . . Machines | -11 -10 -10 -10 -9 -8 ---------- Run | Yrd Mat Min Exi Min Mat Machines Disabled . | . . . . . . Max in Single Turn . | . . . . . . Machines Repaired . | . . . . . . Machines Dismantled . | . . . . . . Machines Sabotaged . | . . . . . . Overloaded Fab Kills . | . . . . . . Hacking | -11 -10 -10 -10 -9 -8 --------- Run | Yrd Mat Min Exi Min Mat Machines Accessed 6 | . 2 . 1 . 3 Terminals 4 | . 2 . . . 2 Fabricators . | . . . . . . Repair Stations . | . . . . . . Recycling Units . | . . . . . . Scanalyzers . | . . . . . . Garrison Access 1 | . . . . . 1 Total Hacks 16 | . 9 . 1 . 6 Successful 7 | . 5 . 1 . 1 Failed 9 | . 4 . . . 5 Catastrophic 3 | . . . . . 3 Database Lockouts . | . . . . . . Manual 6 | . 2 . . . 4 Terminals 13 | . 9 . . . 4 Fabricators . | . . . . . . Repair Stations . | . . . . . . Recycling Units . | . . . . . . Scanalyzers . | . . . . . . Garrison Access 2 | . . . . . 2 Terminal Hacks 4 | . 3 . 1 . . Record 1 | . . . 1 . . Unreport Threat 1 | . 1 . . . . Locate Traps 1 | . 1 . . . . Zone Layout 1 | . 1 . . . . Fabricator Hacks . | . . . . . . Repair Station Hacks . | . . . . . . Recycling Unit Hacks . | . . . . . . Scanalyzer . | . . . . . . Garrison Access Hacks . | . . . . . . Unauthorized Hacks 3 | . 2 . . . 1 Terminals 3 | . 2 . . . 1 Botnet 3 | . 2 . . . 1 Fabricators . | . . . . . . Repair Stations . | . . . . . . Recycling Units . | . . . . . . Scanalyzers . | . . . . . . Garrison Access . | . . . . . . Data Cores Recovered . | . . . . . . Used . | . . . . . . Hacking Detections 5 | . 2 . . . 3 Full Trace Events 2 | . 1 . . . 1 Feedback Events . | . . . . . . Feedback Blocked . | . . . . . . Robot Schematics Acquired . | . . . . . . Robots Built . | . . . . . . Authchips . | . . . . . . Time . | . . . . . . Total Robot Build Rating . | . . . . . . Part Schematics Acquired . | . . . . . . Parts Built . | . . . . . . Authchips . | . . . . . . Time . | . . . . . . Total Part Build Rating . | . . . . . . Parts Repaired . | . . . . . . Time . | . . . . . . Parts Recycled . | . . . . . . Recycled Matter . | . . . . . . Retrieved Matter . | . . . . . . Retrieved Components . | . . . . . . Parts Scanalyzed . | . . . . . . Part Schematics Acquired . | . . . . . . Parts Damaged . | . . . . . . Bothacking | -11 -10 -10 -10 -9 -8 ------------ Run | Yrd Mat Min Exi Min Mat Used RIF Installer . | . . . . . . Robots Hacked . | . . . . . . Non-combat . | . . . . . . Combat . | . . . . . . Robot Hacks Applied . | . . . . . . Relay Couplers Released . | . . . . . . Fabnet Peak Effective % . | . . . . . . Robots Rewired . | . . . . . . Allies Hacked . | . . . . . . Hacks Repelled . | . . . . . . Allies | -11 -10 -10 -10 -9 -8 -------- Run | Yrd Mat Min Exi Min Mat Total Allies 3 | . . . . 3 . Largest Group 3 | . . . . 3 3 Highest-Rated Group 40 | . . . . 40 40 Highest-Rated Ally 16 | . . . . 16 16 Total Orders . | . . . . . . Ally Attacks 18 | . . . . . 18 Total Damage 176 | . . . . . 176 Kills 2 | . . . . . 2 Allies Corrupted 1 | . . . . . 1 Allies Melted . | . . . . . . Intel | -11 -10 -10 -10 -9 -8 ------- Run | Yrd Mat Min Exi Min Mat Robot Analysis Total . | . . . . . . Derelict Logs Recovered 2 | . . 1 . 1 . Drone Launches . | . . . . . . Drone Recoveries . | . . . . . . Exploration | -11 -10 -10 -10 -9 -8 ------------- Run | Yrd Mat Min Exi Min Mat Turns Passed 2317 | 33 531 462 586 151 554 Spaces Moved 1292 | 30 462 257 309 80 154 Core 4 | 1 . 3 . . . Treads . | . . . . . . Legs 658 | . . 115 309 80 154 Wheels 630 | 29 462 139 . . . Hover . | . . . . . . Flight . | . . . . . . Fastest Speed 50 | 50 80 95 190 190 190 Average Speed 141 | 79 82 144 190 190 199 Slowest Speed 450 | 80 95 450 190 190 330 Overloaded Moves . | . . . . . . Propulsion Burnouts . | . . . . . . Robots Hopped . | . . . . . . Cave-ins Triggered . | . . . . . . Exploration Rate (%) 42 | 3 80 49 78 28 17 Regions Visited 5 Branch Regions 3 Pre-discovered Areas 1 | . . . 1 . . Known Exits Taken . | . . . . . . Unknown Exits Taken 5 | 1 1 1 1 1 . Scrap Searched 2 | . . 2 . . . Spaces Dug 2 | . . . . . 2 Terrain Destroyed 19 | . . 11 . . 8 Melee 2 | . . . . . 2 Projectile . | . . . . . . AOE 17 | . . 11 . . 6 Terrain Rammed . | . . . . . . Walls Destroyed . | . . . . . . Machines Disabled . | . . . . . . Actions | -11 -10 -10 -10 -9 -8 --------- Run | Yrd Mat Min Exi Min Mat Total 1544 | 36 558 299 308 79 264 Wait 75 | . 54 7 . . 14 Move 1287 | 29 461 256 308 79 154 Hop . | . . . . . . Pick Up 19 | 2 10 3 . . 4 Fast Attach 18 | 5 1 3 . . 9 Attach 9 | . 1 2 . . 6 Detach 2 | . . 1 . . 1 Swap 5 | . 2 2 . . 1 Drop 3 | . 1 1 . . 1 Fire 122 | . 27 24 . . 71 Melee 3 | . . . . . 3 Ram 1 | . 1 . . . . Kick . | . . . . . . Crush . | . . . . . . Escape Stasis . | . . . . . . Rewire . | . . . . . . Trap . | . . . . . . Miscellaneous . | . . . . . . Route ------- -11/Scrapyard -10/Materials (discovered 4 exits: [*Mat x2] / [*Min x2]) -10/Mines (discovered 2 exits: [*Mat] / *Exi) -10/Exiles -9/Mines -8/Materials (discovered 1 exit: Fac) History --------- Turn | Location | Event 7 | -11/Scrapyard | Discovered new exit (range 15) 34 | -11/Scrapyard | Entered Materials 218 | -10/Materials | Discovered new exit (range 10) 218 | -10/Materials | Discovered new exit (range 18) 218 | -10/Materials | Discovered new exit (range 17) 322 | -10/Materials | Build established: Mutant 349 | -10/Materials | Discovered new exit (range 16) 565 | -10/Materials | Entered Mines 572 | -10/Mines | Received a Rocket Launcher from a helpful Derelict 585 | -10/Mines | A weapon hastily lodged in a ceiling crevice suddenly fell to the ground 781 | -10/Mines | Lost 3 parts (2n1u) 847 | -10/Mines | Discovered new exit (range 10) 881 | -10/Mines | Learned Materials non-interactive machine intel 1020 | -10/Mines | Deemed a non-threat by the Exiles lab entrance 1020 | -10/Mines | Discovered new exit (range 5) 1027 | -10/Mines | Entered Exiles 1071 | -10/Exiles | Met 8R-AWN 1105 | -10/Exiles | Met EX-HEX 1179 | -10/Exiles | Met EX-DEC 1191 | -10/Exiles | Learned location of Zion (-7) 1223 | -10/Exiles | Met EX-BIN 1302 | -10/Exiles | Visited The Gauntlet 1596 | -10/Exiles | Discovered new exit (range 10) 1613 | -10/Exiles | Entered Mines 1693 | -9/Mines | Assisted by bots powering up and referring to "LRC-V3" 1714 | -9/Mines | Learned location of 1 exit from Materials 1750 | -9/Mines | Discovered new exit (range 8) 1764 | -9/Mines | Entered Materials 1764 | -8/Materials | Accompanied by 3 allies 1764 | -8/Materials | Evolved 4 slots: Propulsion x1, Utility x3 1765 | -8/Materials | Identified exit to Factory 1766 | -8/Materials | Loaded intel: 36 non-interactive machine locations 1846 | -8/Materials | Lost 3 allies 1859 | -8/Materials | Garrison activated, responded to threat 1881 | -8/Materials | Lost 6 parts (1p2n1u2w) 1893 | -8/Materials | System corruption reached 10% 1940 | -8/Materials | Lost 3 parts (3n) 2203 | -8/Materials | Build established: Scavenger-Mutant 2232 | -8/Materials | Core integrity fell below 50% 2310 | -8/Materials | Lost 4 parts (2n2w) 2318 | -8/Materials | Core integrity fell below 20% 2319 | -8/Materials | Core destroyed Last Messages --------------- 02271_ Critical hit (Burn: +37). 02275_ Assault Rifle destroyed. 02279_ Aluminum Leg destroyed. 02281_ G-47 Trooper destroyed. 02284_ Acquired Aluminum Leg. 02288_ System corrupted: Matter fused (-9). 02297_ Power failure, Rnf. Ion Engine shutdown. 02297_ Overheating: Energy bleed (-31). 02303_ System corrupted: Matter fused (-10). 02307_ Overheating: System interference. 02307_ Lgt. Assault Rifle temporarily disabled. 02310_ Power failure, Rnf. Ion Engine shutdown. 02310_ Aluminum Leg broken. 02310_ Overheating: Short circuit. 02311_ Aluminum Leg destroyed. 02311_ Critical hit (Burn: +37). 02313_ K-01 Serf collects debris. 02318_ Overheating: Core damaged (-104). 02319_ Power failure, Rnf. Ion Engine shutdown. 02319_ Overheating: Core damaged (-99). Map ----- +----------------------------------------------------+ | ???????# #????????? ???"""?"""???????????????? | | ???????# #????????? ???"""?"""??????????????"" | | ???????# #??????""" #??"""?"""??????????????"" | | ???????# #??????""" #???????????????????????"" | | ???????# ####???"""? #????????????????????????? | | ???"""?# ???????? #????????????????????????? | | ???"""?+ ????????? #????????????????????????? | | ???"""?# %?????????? #????????????????????????? | | ???"""?# #?????????## #????????????????????????? | | ???"""?# ############ #????????????????????????? | | ???????# ## # #????????????????????????? | | ??????## ## """ !!!# #????????????????????????? | | #######% # """ !!!# #????????????????????????? | | % % # """ !!!# ###??????????????????????? | | % + """ # #??????????????????????? | | %# """ # #??????????????????????? | | #%#####! # # #?????????????????"""??? | | #[##??## ## # #?????????????????"""??? | | # ##???#% ############ #?????????????????"""??? | | # # # #?????????## #??????????????????????? | | # #"" # #??????????# ##############?????????? | | # #?Y # #??????????# ????????? | | # #?" # #??????????# ????????? | | # # # #??????????# %% ????????? | | # # | # ##########?####g######+#####??????????? | | # + # # #### @%* #??????????????????? | | # # # # #""" [ """#??????????????????? | | # ###### + #"T """#????????????"""?""" | | # # #""" """#????????????"""?""" | | + + ! #### #????????????"""?""" | | # # =!= #??# #??????????????????? | | ### # #??########??????????????????? | | #?# #! #????????????????????????????? | | #?# +! #????????????????????????????? | | ###+#################????????????????????????????? | | #????????????????????????????????????????? | | ""T"" #????????????????????????????????????????? | | """"" #????????????????????????????????????????? | | #????????????????????????????????????????? | | #########????????????????????????????????????????? | | | | | | | | | | | | | | | | | | | | | +----------------------------------------------------+ Best States ------------- Heat Dissipation 31 Energy Generation 12 Energy Capacity 265 Matter Stores 300 Matter Capacity 300 Sight Range 16 Robot Scan Range 14 Terrain Scan Range 14 Terrain Scan Density 10 Armor Coverage 150 Evasion (%) 44 Item Schematics ----------------- None Robot Schematics ------------------ None Fabricated ------------ Nothing Alien Tech Used ----------------- None Achievements -------------- None Challenges ------------ None Game ------ Seed FluxRecoilCharge Manual? 0 Play Time 00:20:23 Cumulative 118.6 hours Start 2024.05.18 @ 21:39:18 End 2024.05.18 @ 22:06:19 Sessions 1 Manual Loads 0 Difficulty Rogue Special Mode None Game No. 27 Rogue 8 Adventurer 17 Explorer 2 Win Type - Total 3 Types 2/0/1/0/0/0/0/0/0 Lore% 48 Gallery% 59 Achievement% 56 Wizard Run 0 Options --------- Layout 2 ASCII 0 Keyboard 1 Movement Vi Keybinds 0 Fullscreen 0 Font 20/SmallcapsGlow Map View 64x51 Zoom Use 0% Tactical HUD 1 Map Filters NONE Filters NONE Steam 1 RUN: 49527025-9061-4918-aa94-90e84bca61ab